 Dungeon Crawl Stone Soup version 0.22.1-1-ga44c0e5 (console) character file.

161 dylex the Cutter (level 5, -2/39 HPs)
             Began as a Vampire Gladiator on Oct 21, 2018.
             Was a Follower of Wu Jian.
             Killed by divine providence
             ... invoked by an orc priest
              (15 damage)
             ... on level 4 of the Dungeon.
             The game lasted 00:18:29 (2612 turns).

dylex the Cutter (Vampire Gladiator)                Turns: 2612, Time: 00:18:30

Health: -2/39      AC: 10    Str: 14    XL:     5   Next: 19%
Magic:  5/5        EV: 14    Int: 10    God:    Wu Jian [*.....]
Gold:   198        SH:  0    Dex: 16    Spells: 1/4 levels left

rFire    + . .     SeeInvis +   q - -2 dagger (curse)
rCold    + . .     Gourm    .   (no shield)
rNeg     . . .     Faith    .   b - +0 leather armour
rPois    .         Spirit   .   c - +0 helmet
rElec    .         Reflect  .   o - scarf {rC+ rF+}
rCorr    .         Harm     .   (no gloves)
MR       .....                  (no boots)
Stlth    ++........             (no amulet)
HPRegen  0.33/turn              p - +6 ring of protection
MPRegen  0.09/turn              (no ring)

@: regenerating quickly
A: fangs 3, see invisible, unbreathing
a: Renounce Religion


You were on level 4 of the Dungeon.
You worshipped Wu Jian.
Wu Jian was aware of your devotion.
You were full.

You visited 1 branch of the dungeon, and saw 5 of its levels.

You collected 198 gold pieces.

Inventory:

Hand Weapons
 a - a +0 rapier
 h - a cursed +0 blowgun
 l - a +0 falchion
 n - a +0 blowgun
 q - a cursed -2 dagger (weapon)
Missiles
 d - 4 throwing nets (quivered)
 m - 6 poisoned needles
Armour
 b - a +0 leather armour (worn)
 c - a +0 helmet (worn)
 o - a scarf of resistance (worn)
Jewellery
 p - a +6 ring of protection (left hand)
Scrolls
 f - 2 scrolls of identify
 i - 4 scrolls of teleportation
Potions
 e - 21 potions of blood
 g - a potion of cancellation
 j - a potion of curing
 k - a potion of agility


   Skills:
 + Level 2.3 Fighting
 + Level 5.0 Short Blades
 - Level 1.5 Throwing
 + Level 1.3 Armour
 + Level 4.1 Dodging
 + Level 1.7 Stealth


You had one spell level left.
You knew the following spells:

 Your Spells              Type           Power        Failure   Level  Hunger
g - Corona                Hex            #......      43%         1    ##.....
h - Ensorcelled Hibernat  Hex/Ice        #.....       56%         2    ###....

Your spell library contained the following spells:

 Spells                   Type           Power        Failure   Level  Hunger
 Confuse                  Hex            #.......     80%         3    ####...
 Dazzling Spray           Conj/Hex       #.....       80%         3    ####...
 Tukima's Dance           Hex            #.......     80%         3    ####...


Dungeon Overview and Level Annotations

Branches:
Dungeon (5/15)             Temple (0/1) D:4

Altars:
Uskayaw
Wu Jian

Annotations:
D:2 Jessica


Innate Abilities, Weirdness & Mutations

Your natural rate of healing is unusually fast.
You have razor-sharp teeth.
You have supernaturally acute eyesight. (SInv)
You can survive without breathing.


Message History

You barely miss the orc priest.
The orc priest is almost dead.
The orc priest barely misses you.
You spin and attack the orc priest.
You barely miss the orc priest.
Your bite The orc priest is almost dead.
The orc priest hits you but does no damage.
You lunge at the orc priest.
You hit the orc priest but do no damage.
The orc priest is almost dead.
The orc priest barely misses you.
You spin and attack the orc priest.
You hit the orc priest but do no damage.
The orc priest is almost dead.
The orc priest invokes the aid of Beogh against you.
Beogh smites you!
You lunge at the orc priest.
You barely miss the orc priest.
The orc priest is almost dead.
The orc priest calls down the wrath of Beogh upon you.
Beogh smites you!
You die...

▒▒▒ ▒·▒ ▒·▒▒▒▒▒▒▒▒▒▒▒▒
▒··········⚔·▒ ▒·▒▒▒▒▒▒▒▒▒▒·▒
▒·▒▒▒▒▒▒▒▒▒▒·▒▒▒▒▒▒▒▒▒▒
▒▒▒▒·▒········‣·········↗▒
▒···☠▒·▒▒▒▒▒▒▒▒o▒▒▒▒▒▒▒▒·▒
▒·▒··▒·▒▒▒▒▒▒▒▒·▒▒▒▒▒▒▒▒·▒▒▒▒▒▒·
▒·▒▒↘⚔·························‣
▒·▒▒·▒·▒▒▒▒▒▒▒▒▒▒▒·▒▒▒▒▒·····▒▒·
▒·▒▒·▒·▒ ▒·▒····▒▒▒▒·▒ ▒····▒·▒
▒·▒·▒▒····▒ ▒ ▒▒▒▒·▒·▒ ▒▒▒▒▒·▒
▒···▒·▒ ▒·▒‣▒▒▒▒▒▒▒····▽▒
▒▒▒·▒·▒ ▒▒▒▒◼▒·············▒
▒↗····▒ ▒···········▒▒·····▒
▒▒▒▒▒▒▒ ▒···‣·······▒▒·····▒
▒·‣·········▒▒·····▒▒▒ ···
▒···········▒▒···♕···◼ ····
▒··········o····▒·▒▒▒▒·····
▒··········@···············
▒···············▒·····▒▒▒▒·
▒···········▒▒▒▒▒·····▒
▒···········▒ ▒·▒▒▒▒▒
▒▒▒▒···········▒
▒·▒▒▒▒▒▒▒▒▒▒▒▒▒▒▒
▒········▒▒▒▒▒▒▒
▒·············↗·· ▒········▒
▒▒▒▒▒▒▒▒▒▒▒♕···▒· ▒·▽··▒▒▒▒▒
▒····▒ ▒····▒ ▒····▒ ▒····▒
▒·o··▒ ▒▒▒▒▒▒ ▒····▒ ▒·o··▒
······ ▒·······


You could see an orc priest.

Vanquished Creatures
  A bullfrog zombie (D:3)
  An orc wizard (D:4)
  An adder (D:3)
  2 worms (D:3)
  A dart slug (D:2)
  4 leopard geckos
  5 orcs
  2 giant cockroaches
  8 hobgoblins
  8 jackals
  10 kobolds
  2 quokkas
  A ball python (D:3)
  7 bats
  3 frilled lizards
  10 goblins
  6 rats
72 creatures vanquished.

Vanquished Creatures (others)
  An ogre (D:4)
  An orc (D:4)
  A quokka (D:4)
  A frilled lizard (D:4)
  A giant cockroach zombie (D:4)
5 creatures vanquished.

Grand Total: 77 creatures vanquished

Notes
Turn   | Place    | Note
-------+----------+-------------------------------------------
     0 | D:1      | dylex the Vampire Gladiator began the quest for the Orb.
     0 | D:1      | Reached XP level 1. HP: 16/16 MP: 1/1
    77 | D:1      | Reached XP level 2. HP: 19/22 MP: 2/2
   336 | D:2      | Noticed Jessica
   341 | D:1      | Reached skill level 4 in Short Blades
   387 | D:1      | Reached XP level 3. HP: 26/27 MP: 3/3
   875 | D:2      | You fall through a shaft for 2 floors!
   899 | D:4      | Killed an ogre
   954 | D:4      | Reached XP level 4. HP: 32/33 MP: 4/4
   982 | D:3      | Found an ornate altar of the Wu Jian Council.
  1014 | D:3      | Became a worshipper of the Wu Jian Council
  1118 | D:4      | Found a staircase to the Ecumenical Temple.
  1262 | D:3      | Reached skill level 1 in Stealth
  1297 | D:3      | Learned a level 1 spell: Corona
  1300 | D:3      | Learned a level 2 spell: Ensorcelled Hibernation
  1330 | D:3      | Reached skill level 1 in Armour
  1390 | D:3      | Found a hide-covered altar of Uskayaw.
  1540 | D:2      | Reached XP level 5. HP: 36/38 MP: 5/5
  1616 | D:2      | Reached * piety under Wu Jian
  1988 | D:3      | Reached skill level 5 in Short Blades
  2453 | D:5      | Entered Level 5 of the Dungeon
  2612 | D:4      | Killed from afar by an orc priest

Skill      XL: |  1  2  3  4  5 |
---------------+----------------+-----
Short Blades   | 4 5 |  5.0
Fighting       | 2 |  2.3
Dodging        | 4 |  4.1
Stealth        | 1 |  1.7
Armour         | 1 |  1.3
Throwing       | |  1.5

Action                   |  1- 3 |  4- 6 || total
-------------------------+-------+-------++-------
Melee: Rapier            |    97 |    78 ||   175
       Bite              |    14 |    18 ||    32
       Dagger            |       |   145 ||   145
Invok: Lunge             |       |    54 ||    54
       Whirlwind         |       |    35 ||    35
  Use: Potion            |     5 |     6 ||    11
       Scroll            |       |     7 ||     7
 Stab: Sleeping          |     3 |     3 ||     6
Armor: Leather armour    |    17 |    44 ||    61
Dodge: Dodged            |    71 |   106 ||   177
